 Dungeon Crawl Stone Soup version 0.30.0 (webtiles) character file.

Game seed: 5620599242352057254

21 Kuronicle the Trooper (level 2, 0/24 HPs)
             Began as a Demonspawn Berserker on May 6, 2023.
             Was a Follower of Trog.
             Slain by a ball python (2 damage)
             ... on level 1 of the Dungeon.
             The game lasted 00:01:40 (675 turns).

Kuronicle the Trooper (Demonspawn Berserker)         Turns: 675, Time: 00:01:41

Health: 0/24       AC:  2    Str: 17    XL:     2   Next: 62%
Magic:  2/2        EV:  9    Int:  8    God:    Trog [*.....]
Gold:   34         SH:  0    Dex: 12    Spells: 1/1 levels left

rFire   . .          .
                       - Unarmed
rCold   . . .        (no shield)
rNeg    . . .        b - +0 robe
rPois   .            (no helmet)
rElec   .            (no cloak)
rCorr   .            (no gloves)
SInv    .            (no boots)
Will    .....        (no amulet)
Stlth   +            (no ring)
HPRegen 0.24/turn    (no ring)
MPRegen 0.08/turn

%: no passive effects
@: constricted
A: demonic touch 1
a: Renounce Religion, Berserk


You were on level 1 of the Dungeon.
You worshipped Trog.
Trog was aware of your devotion.
You visited 1 branch of the dungeon, and saw 2 of its levels.

You collected 34 gold pieces.

Inventory:

Hand Weapons
 a - a +1 mace of protection
Armour
 b - a +0 robe (worn)
Scrolls
 c - 2 scrolls of identify {unknown}
 d - a scroll of immolation {unknown}
Potions
 e - a potion of invisibility {unknown}
 f - a potion of lignification {unknown}


   Skills:
 - Level 3.0 Fighting
 * Level 2.2 Armour
 * Level 2.5 Dodging
 - Level 2.6 Unarmed Combat


You had one spell level left.
You didn't know any spells.
Your spell library was empty.

Dungeon Overview and Level Annotations

Branches:
Dungeon (2/15)

Altars:


Innate Abilities, Weirdness & Mutations

Your touch may inflict minor irresistible damage on your foes.


Message History

The kobold shouts!
You hear a shout!
There is a stone staircase leading up here.
The ball python hisses angrily.
You hit the kobold but do no damage.
The kobold hits you with a +0 short sword.
You barely miss the kobold. You closely miss the kobold.
The kobold hits you with a +0 short sword.
You closely miss the kobold. Your touch misses the kobold.
The kobold barely misses you. The ball python closely misses you. x2
You hit the kobold.
The kobold is moderately wounded.
The ball python closely misses you. x2; The kobold barely misses you.
A gnoll comes into view. It is wielding a +0 spear.
The ball python closely misses you. The ball python grabs you.
The ball python constricts you.
You closely miss the kobold. Your touch misses the kobold.
The kobold is moderately wounded.
The kobold hits you with a +0 short sword.
The ball python completely misses you. The ball python constricts you.
You escape the ball python's grasp.
The kobold attacks as you move away! The kobold misses you.
There is a stone staircase leading up here.
The ball python barely misses you. The ball python grabs you.
You stop ascending the stairs.
The ball python constricts you. The kobold barely misses you.
The gnoll hits you from afar with a +0 spear.
The ball python bites you. The ball python constricts you.
You escape the ball python's grasp.
The kobold misses you.
The gnoll hits you from afar with a +0 spear!
* * * LOW HITPOINT WARNING * * *
You climb upwards.
There is a stone staircase leading down here.
You closely miss the ball python. The ball python bites you.
* * * LOW HITPOINT WARNING * * *
The ball python grabs you. The ball python constricts you.
The kobold hits you with a +0 short sword.
* * * LOW HITPOINT WARNING * * *
The ball python bites you.
You die...

.# .# ########## ..†......####
######......##########
###.##......##.......#
....##......##.......#########
###.####)...##.......#.......#
...............S@....#.#####.#
######.#....##..K....#.#...#.#
....##.#.#######.###...##....#
.....#.#.##...##.#########.###
.##..#.#.##...##...........#
.....#....#...##..##....####
###..#....#...##..##....#
..................##....#
##.##.#...#...##.###....#


You could see a ball python and a kobold.

Vanquished Creatures
  A bat (D:1)
  3 endoplasms (D:1)
  A goblin (D:1)
  3 hobgoblins (D:1)
  3 jackals (D:1)
  A quokka (D:1)
  2 ball pythons (D:1)
  A kobold (D:1)
  2 rats (D:1)
17 creatures vanquished.

Notes
Turn   | Place    | Note
-------+----------+-------------------------------------------
     0 | D:1      | Kuronicle the Demonspawn Berserker began the quest for the
                  | Orb.
     0 | D:1      | Reached XP level 1. HP: 18/18 MP: 1/1
   148 | D:1      | Gained mutation: Your touch may inflict minor irresistible
                  | damage on your foes. [demonic ancestry]
   148 | D:1      | Reached XP level 2. HP: 10/24 MP: 2/2
   675 | D:1      | Slain by a ball python

Illustrated notes

Levels and vault maps discovered:
D:1:      minmay_arrival_nine_rooms, layout_basic
D:2:      layout_basic, shapermc_ecumenical_altar_mp_ritualfount,
          corexii_hall_statues_t, uniq_crazy_yiuf_cottage

Skill      XL: |  1 |
---------------+----+-----
Dodging        | 2 |  2.5
Armour         | 2 |  2.2
Fighting       | |  3.0
Unarmed Combat | |  2.6

Action                     || total
---------------------------++-------
  Melee: Unarmed           ||    74
         Punch             ||     1
         Touch             ||     4
 Armour: Robe              ||    12
         Animal skin       ||     3
  Dodge: Dodged            ||    74
